 Dungeon Crawl Stone Soup version 0.22-a0-247-gbddf880 (webtiles) character file.

6729 wolfsongas the Protected (level 11, -1/126 HPs)
             Began as a Gnoll Wanderer on Feb 23, 2018.
             Was an Initiate of Gozag.
             Slain by Nornya's ghost (5 damage)
             ... on level 9 of the Dungeon.
             The game lasted 00:19:02 (9683 turns).

wolfsongas the Protected (Gnoll Wanderer)           Turns: 9683, Time: 00:19:02

Health: -1/126     AC: 15    Str: 18    XL:     11   Next: 4%
Magic:  19/19      EV: 15    Int: 16    God:    Gozag
Gold:   1622       SH:  0    Dex: 18    Spells: 21/21 levels left

rFire    . . .     SeeInvis +   a - +2 battleaxe (elec)
rCold    + + +     Gourm    .   (shield currently unavailable)
rNeg     . . .     Faith    .   q - +7 ring mail "Ufyhul" {rC+ SInv}
rPois    .         Spirit   .   (no helmet)
rElec    .         Reflect  .   (no cloak)
rCorr    .         Harm     .   x - +0 pair of gloves
MR       .....                  f - +0 pair of boots
Stlth    ..........             o - amulet of rage
HPRegen  0.31/turn              i - ring of protection from cold
MPRegen  0.16/turn              h - ring of protection from cold

@: berserking (expiring), corroded, gold aura, very quick
A: distributed training, fangs 1, icy blue scales 1, rugged brown scales 1, wild
magic 1, strong nose
a: Potion Petition, Call Merchant, Bribe Branch, Renounce Religion, Evoke
Berserk Rage


You were on level 9 of the Dungeon.
You worshipped Gozag.
Gozag was most pleased with you.
You were not hungry.

You visited 1 branch of the dungeon, and saw 9 of its levels.

You collected 2027 gold pieces.
You paid 405 gold pieces to Gozag.

Inventory:

Hand Weapons
 a - a +2 battleaxe of electrocution (weapon)
 j - a +1 dagger of venom
Armour
 f - a +0 pair of boots (worn)
 q - the +7 ring mail "Ufyhul" (worn) {rC+ SInv}
   (You found it on level 5 of the Dungeon)

   It protects you from cold.
   It lets you see invisible.
 r - a +0 plate armour
 x - a +0 pair of gloves (worn)
Jewellery
 h - a ring of protection from cold (right hand)
 i - a ring of protection from cold (left hand)
 o - an amulet of rage (around neck)
 u - an uncursed ring of positive energy
 y - the ring of Discretion {+Fly rN+}
   (You acquired it on level 8 of the Dungeon)

   [ring of flight]

   It protects you from negative energy.
   It lets you fly.
 B - an uncursed ring of ice
Wands
 b - a wand of paralysis (13)
 e - a wand of scattershot (4)
 k - a wand of iceblast (6)
 s - a wand of enslavement (15)
 t - a wand of digging (8)
Scrolls
 c - 5 scrolls of remove curse
 m - 2 scrolls of enchant armour
 z - a scroll of magic mapping
Potions
 g - 2 potions of resistance
 l - 3 potions of heal wounds
 n - a potion of mutation
 p - a potion of lignification
 v - 2 potions of curing
 w - a potion of flight
Comestibles
 d - 5 rations


   Skills:
 + Level 6.3 Fighting
 + Level 5.7 Short Blades
 + Level 5.7 Long Blades
 + Level 8.8 Axes
 + Level 6.3 Maces & Flails
 + Level 5.7 Polearms
 + Level 5.7 Staves
 + Level 5.7 Slings
 + Level 5.7 Bows
 + Level 5.7 Crossbows
 + Level 5.7 Throwing
 + Level 8.8 Armour
 + Level 5.7 Dodging
 + Level 5.7 Stealth
 + Level 6.3 Shields
 + Level 5.7 Unarmed Combat
 + Level 5.7 Spellcasting
 + Level 4.7 Conjurations
 + Level 4.7 Hexes
 + Level 4.7 Charms
 + Level 4.7 Summonings
 + Level 4.7 Necromancy
 + Level 4.7 Translocations
 + Level 4.7 Transmutations
 + Level 4.7 Fire Magic
 + Level 4.7 Ice Magic
 + Level 4.7 Air Magic
 + Level 4.7 Earth Magic
 + Level 4.7 Poison Magic
 + Level 6.3 Invocations
 + Level 6.3 Evocations


You had 21 spell levels left.
You didn't know any spells.

Dungeon Overview and Level Annotations

Branches:
Dungeon (9/15)             Temple (0/1) D:4
   Lair: D:8-11         Orc: D:9-12

Altars:
Dithmenos
Fedhas
Gozag
Hepliaklqana
Okawaru
Ru
Sif Muna
Trog
Vehumet
Wu Jian
Yredelemnul

Shops:
D:6 !

Annotations:
D:9 Nornya's ghost, journeyman GrEE


Innate Abilities, Weirdness & Mutations

Your experience applies equally to all skills.
You have very sharp teeth.
Your uncanny sense of smell can sniff out nearby items.
You are partially covered in icy blue scales. (AC +2)
You are partially covered in rugged brown scales. (AC +1, +3% HP)
Your spells are a little harder to cast, but a little more powerful.


Message History

You barely miss Nornya's ghost. You bite Nornya's ghost!
Nornya's ghost is lightly damaged.
You barely miss the orc. You slash the two-headed ogre!
You kill the two-headed ogre!
You have reached level 11!
You hit the orc.
You kill the orc!
Nornya's ghost hits you!
* * * LOW HITPOINT WARNING * * *
The orc closely misses you.
The orc wizard is distracted by the nearby gold.
The orc is distracted by the nearby gold.
You miss Nornya's ghost.
Nornya's ghost is lightly damaged.
The orc shouts!
You slash the orc! Lightning courses through the orc!
You kill the orc!
Nornya's ghost hits you.
You die...
Your body crumbles into a pile of gold.

............#
............#
.............#
.........o....#
.................#
............o....#
...........$$$...#
...........$@$..#
#...........W..####
#$...........##..##
#..........##....#####
#.....)..###...[....#
####''#### ##...###.#
#..# ##<## #.# #.##
#.# #.# #.#########.#
#.#


You could see an orc wizard, Nornya's ghost and an orc.

Vanquished Creatures
  2 two-headed ogres
  Joseph (D:9)
  The ghost of jaclynhyde the Digger, a novice GrEE (D:4)
  A troll (D:8)
  3 hippogriffs
  A vampire (D:9)
  Eustachio (D:4)
  Menkaure (D:5)
  An orc warrior (D:8)
  An ice beast (D:9)
  A black bear (D:7)
  3 centaurs
  An ogre (D:4)
  A phantom (D:7)
  Blork the orc (D:5)
  5 big kobolds (D:3)
  3 bullfrogs
  A gnoll sergeant (D:5)
  A water moccasin zombie (D:7)
  4 scorpions
  4 killer bees (D:7)
  5 wights (D:6)
  2 howler monkeys
  The ghost of dang3rdave the Digger, a weakling GrEE (D:3)
  4 crimson imps
  4 hounds
  6 jellies
  5 orc priests
  7 orc wizards
  3 bullfrog skeletons
  A centaur skeleton (D:6)
  2 iguanas
  Natasha (twice) (D:2)
  5 worker ants
  2 hound zombies
  4 hound skeletons
  16 adders
  12 gnolls
  2 shadow imps
  5 oozes (D:8)
  3 worms
  A dart slug (D:2)
  A leopard gecko (D:3)
  23 orcs
  5 giant cockroaches
  10 goblins
  9 hobgoblins
  12 jackals
  3 quokkas
  3 ball pythons
  4 bats
  9 frilled lizards
  A jackal skeleton (D:6)
  33 kobolds
  A leopard gecko zombie (D:6)
  A quokka skeleton (D:4)
  12 rats
257 creatures vanquished.

Vanquished Creatures (others)
  A bullfrog (D:8)
  An orc (D:3)
  A hobgoblin (D:3)
3 creatures vanquished.

Grand Total: 260 creatures vanquished

Notes
Turn   | Place    | Note
-------+----------+-------------------------------------------
     0 | D:1      | wolfsongas the Gnoll Wanderer began the quest for the Orb.
     0 | D:1      | wolfsongas set off with: a +2 scale mail, a potion of curing, a +0 buckler, a +0 dagger, a ration
     0 | D:1      | Reached XP level 1. HP: 17/17 MP: 2/2
   301 | D:1      | Reached XP level 2. HP: 21/23 MP: 3/3
   790 | D:1      | Reached XP level 3. HP: 28/28 MP: 4/4
  1180 | D:1      | You fall through a shaft!
  1275 | D:2      | Noticed Natasha
  1286 | D:2      | Killed Natasha
  1286 | D:2      | Reached skill level 1 in Short Blades
  1286 | D:2      | Reached skill level 1 in Long Blades
  1286 | D:2      | Reached skill level 1 in Polearms
  1286 | D:2      | Reached skill level 1 in Staves
  1286 | D:2      | Reached skill level 1 in Slings
  1286 | D:2      | Reached skill level 1 in Bows
  1286 | D:2      | Reached skill level 1 in Crossbows
  1286 | D:2      | Reached skill level 1 in Throwing
  1286 | D:2      | Reached skill level 1 in Dodging
  1286 | D:2      | Reached skill level 1 in Stealth
  1286 | D:2      | Reached skill level 1 in Unarmed Combat
  1286 | D:2      | Reached skill level 1 in Spellcasting
  1286 | D:2      | Reached skill level 1 in Invocations
  1397 | D:2      | Found an opulent altar of Gozag.
  1414 | D:2      | Reached XP level 4. HP: 34/34 MP: 6/6
  1426 | D:2      | Became a worshipper of Gozag Ym Sagoz the Greedy
  1546 | D:2      | Found a sacrificial altar of Ru.
  1555 | D:2      | Reached skill level 1 in Conjurations
  1555 | D:2      | Reached skill level 1 in Hexes
  1555 | D:2      | Reached skill level 1 in Charms
  1555 | D:2      | Reached skill level 1 in Summonings
  1555 | D:2      | Reached skill level 1 in Necromancy
  1555 | D:2      | Reached skill level 1 in Translocations
  1555 | D:2      | Reached skill level 1 in Transmutations
  1555 | D:2      | Reached skill level 1 in Fire Magic
  1555 | D:2      | Reached skill level 1 in Ice Magic
  1555 | D:2      | Reached skill level 1 in Air Magic
  1555 | D:2      | Reached skill level 1 in Earth Magic
  1555 | D:2      | Reached skill level 1 in Poison Magic
  1746 | D:2      | Found a bloodstained altar of Trog.
  1864 | D:2      | Found a radiant altar of Vehumet.
  1901 | D:2      | Noticed Natasha
  1907 | D:2      | Killed Natasha
  1907 | D:2      | Reached XP level 5. HP: 32/40 MP: 7/7
  2742 | D:3      | Noticed a big kobold
  2752 | D:3      | Killed a big kobold
  2752 | D:3      | Reached XP level 6. HP: 44/47 MP: 8/8
  2771 | D:3      | Noticed dang3rdave's ghost (weakling GrEE)
  2794 | D:3      | Killed dang3rdave's ghost
  3041 | D:3      | Reached XP level 7. HP: 47/52 MP: 10/10
  4207 | D:4      | Found a staircase to the Ecumenical Temple.
  4207 | D:4      | Noticed Eustachio
  4216 | D:4      | Noticed jaclynhyde's ghost (novice GrEE)
  4226 | D:4      | Killed Eustachio
  4226 | D:4      | Reached XP level 8. HP: 49/60 MP: 12/12
  4356 | D:4      | Killed jaclynhyde's ghost
  4798 | D:4      | Gained mutation: You are partially covered in icy blue scales. (AC +2) [potion of mutation]
  4798 | D:4      | Gained mutation: You are partially covered in rugged brown scales. (AC +1, +3% HP) [potion of mutation]
  4798 | D:4      | Gained mutation: Your spells are a little harder to cast, but a little more powerful. [potion of mutation]
  4922 | D:4      | Found a basalt altar of Yredelemnul.
  5008 | D:5      | Entered Level 5 of the Dungeon
  5154 | D:5      | Got a spiked ring mail
  5165 | D:5      | Identified the +7 ring mail "Ufyhul" {rC+ SInv} (You found it on level 5 of the Dungeon)
  5374 | D:5      | Noticed Blork the orc
  5396 | D:5      | Killed Blork the orc
  5663 | D:5      | Reached XP level 9. HP: 46/67 MP: 14/14
  5940 | D:5      | Noticed Menkaure
  5952 | D:5      | Killed Menkaure
  6592 | D:6      | Found an ornate altar of the Wu Jian Council.
  6797 | D:6      | Reached skill level 5 in Fighting
  6797 | D:6      | Reached skill level 5 in Maces & Flails
  6797 | D:6      | Reached skill level 5 in Shields
  6797 | D:6      | Reached skill level 5 in Evocations
  7159 | D:6      | Found Giny's Distillery.
  7507 | D:7      | Reached skill level 5 in Invocations
  7628 | D:7      | Found a blossoming altar of Fedhas.
  7720 | D:7      | Reached XP level 10. HP: 76/76 MP: 17/17
  8336 | D:6      | Found an iron altar of Okawaru.
  8409 | D:7      | Found a hazy altar of Hepliaklqana.
  8446 | D:8      | Found a blossoming altar of Fedhas.
  8579 | D:8      | Found a shadowy altar of Dithmenos.
  8585 | D:8      | Reached skill level 5 in Short Blades
  8585 | D:8      | Reached skill level 5 in Long Blades
  8585 | D:8      | Reached skill level 5 in Polearms
  8585 | D:8      | Reached skill level 5 in Staves
  8585 | D:8      | Reached skill level 5 in Slings
  8585 | D:8      | Reached skill level 5 in Bows
  8585 | D:8      | Reached skill level 5 in Crossbows
  8585 | D:8      | Reached skill level 5 in Throwing
  8585 | D:8      | Reached skill level 5 in Dodging
  8585 | D:8      | Reached skill level 5 in Stealth
  8585 | D:8      | Reached skill level 5 in Unarmed Combat
  8585 | D:8      | Reached skill level 5 in Spellcasting
  8771 | D:8      | Identified a scroll of acquirement
  8772 | D:8      | Got a fine steel ring
  8774 | D:8      | Identified the ring of Discretion {+Fly rN+} (You acquired it on level 8 of the Dungeon)
  8789 | D:8      | Noticed a two-headed ogre
  8799 | D:8      | Killed a two-headed ogre
  9355 | D:8      | Found a deep blue altar of Sif Muna.
  9504 | D:9      | Got a heavily jewelled robe
  9516 | D:9      | Identified the cursed +0 robe of Winter {+Inv +Fly rC+++ Slay-5} (You found it on level 9 of the Dungeon)
  9539 | D:9      | Noticed Joseph
  9558 | D:9      | Killed Joseph
  9668 | D:9      | Noticed a two-headed ogre
  9670 | D:9      | Noticed Nornya's ghost (journeyman GrEE)
  9682 | D:9      | Killed a two-headed ogre
  9682 | D:9      | Reached XP level 11. HP: 18/84 MP: 19/19
  9682 | D:9      | HP: 3/126 [Nornya's ghost (15)]
  9683 | D:9      | Slain by Nornya's ghost

Vault maps used:
D:1:      dpeg_arrival_more_subterranean_lakeside_camping, minivault_25,
          serial_bayou_lagoon_a, hangedman_abyss_or_decor_stabs,
          serial_bayou_crossing
D:2:      lightli_temple_of_fire, nicolae_ru_great_annihilating_truth,
          lemuel_round_altar, nicolae_gozag_cash_rules_everything_around_me,
          uniq_natasha
D:3:      minmay_goblin_kobold_castle
D:4:      overflow_temple_1_default, minmay_temple_entry_statues, first_ration,
          uniq_eustachio
D:5:      minmay_strange_pillars, uniq_blork_the_orc, uniq_menkaure
D:6:      lemuel_upstairs_altar, lemuel_round_altar, serial_glass,
          glass_columns_a, glass_columns_a, feat_on_display, serial_shops,
          kennysheep_little_box
D:7:      lemuel_coloured_pillars_altar, basic_altar
D:8:      minmay_weird_star, grunt_dithmenos_smoke_and_mirrors,
          marbit_many_paths, hangedman_little_slice_of_home, fedhas_altar_3
D:9:      kennysheep_big_flooded_room, zin_scriptorium, hiddenorc1_lemuel,
          uniq_joseph, uniq_psyche, uniq_grum

Skill      XL: |  1  2  3  4  5  6  7  8  9 10 |
---------------+-------------------------------+-----
Short Blades   | 1 2 3 4 5 |  5.7
Long Blades    | 1 2 3 4 5 |  5.7
Polearms       | 1 2 3 4 5 |  5.7
Staves         | 1 2 3 4 5 |  5.7
Slings         | 1 2 3 4 5 |  5.7
Bows           | 1 2 3 4 5 |  5.7
Crossbows      | 1 2 3 4 5 |  5.7
Throwing       | 1 2 3 4 5 |  5.7
Dodging        | 1 2 3 4 5 |  5.7
Stealth        | 1 2 3 4 5 |  5.7
Unarmed Combat | 1 2 3 4 5 |  5.7
Spellcasting   | 1 2 3 4 5 |  5.7
Invocations    | 1 2 3 4 5 6 |  6.3
Conjurations   | 1 2 3 4 |  4.7
Hexes          | 1 2 3 4 |  4.7
Charms         | 1 2 3 4 |  4.7
Summonings     | 1 2 3 4 |  4.7
Necromancy     | 1 2 3 4 |  4.7
Translocations | 1 2 3 4 |  4.7
Transmutations | 1 2 3 4 |  4.7
Fire Magic     | 1 2 3 4 |  4.7
Ice Magic      | 1 2 3 4 |  4.7
Air Magic      | 1 2 3 4 |  4.7
Earth Magic    | 1 2 3 4 |  4.7
Poison Magic   | 1 2 3 4 |  4.7
Fighting       | 3 4 5 6 |  6.3
Maces & Flails | 3 4 5 6 |  6.3
Shields        | 3 4 5 6 |  6.3
Evocations     | 3 4 5 6 |  6.3
Axes           | 7 8 |  8.8
Armour         | 7 8 |  8.8

Action                   |  1- 3 |  4- 6 |  7- 9 | 10-12 || total
-------------------------+-------+-------+-------+-------++-------
Melee: Dagger            |   185 |   168 |   251 |       ||   604
       Bite              |    23 |    23 |    52 |    18 ||   116
       Morningstar       |       |       |    40 |       ||    40
       Battleaxe         |       |       |   164 |   165 ||   329
Invok: Potion Petition   |       |     1 |       |     1 ||     2
  Use: Scroll            |     3 |       |     7 |     6 ||    16
       Potion            |       |     2 |     4 |       ||     6
 Stab: Invisible         |       |    12 |       |       ||    12
       Paralysed         |       |     1 |       |       ||     1
       Distracted        |       |     1 |     3 |     1 ||     5
       Sleeping          |       |       |     5 |     4 ||     9
  Eat: Chunk             |     2 |     1 |       |       ||     3
       Ration            |       |     2 |     4 |     2 ||     8
Armor: Scale mail        |    77 |    53 |    98 |       ||   228
       Ring mail         |       |       |    94 |   109 ||   203
Dodge: Dodged            |    60 |   104 |   258 |   177 ||   599
Block: Buckler           |    51 |    46 |    70 |       ||   167

Table legend:
 A = Spawn XP
 B = Non-spawn XP
 C = Spawn XP percentage of total XP
 D = Spawn monster count
 E = Non-spawn monster count
 F = Spawn count percentage of total count
 G = Total turns spent on level
                    A         B        C        D         E        F      G
               +---------+---------+-------+---------+---------+-------+---------
         Total |       0 |    9613 |   0.0 |       0 |     259 |   0.0 |  9683
               +---------+---------+-------+---------+---------+-------+---------
           D:1 |       0 |      40 |   0.0 |       0 |      27 |   0.0 |  1180
           D:2 |       0 |     171 |   0.0 |       0 |      23 |   0.0 |  1344
           D:3 |       0 |     745 |   0.0 |       0 |      60 |   0.0 |  1428
           D:4 |       0 |     856 |   0.0 |       0 |      21 |   0.0 |  1056
           D:5 |       0 |     879 |   0.0 |       0 |      28 |   0.0 |  1324
           D:6 |       0 |    1034 |   0.0 |       0 |      30 |   0.0 |   945
           D:7 |       0 |    1458 |   0.0 |       0 |      19 |   0.0 |  1169
           D:8 |       0 |    2545 |   0.0 |       0 |      38 |   0.0 |  1054
           D:9 |       0 |    1885 |   0.0 |       0 |      13 |   0.0 |   183
               +---------+---------+-------+---------+---------+-------+---------
